 Dungeon Crawl Stone Soup version 0.30-a0-424-g7412bad402 (webtiles) character file.

Game seed: 10109637270722184479

470 McMuffin the Slasher (level 6, -5/48 HPs)
             Began as a Demonspawn Fighter on Dec 9, 2022.
             Shot with an arrow by a centaur (6 damage)
             ... on level 4 of the Dungeon.
             The game lasted 00:19:56 (2744 turns).

McMuffin the Slasher (Demonspawn Fighter)           Turns: 2744, Time: 00:19:57

Health: -5/48      AC:  7    Str: 17    XL:     6   Next: 82%
Magic:  8/8        EV: 12    Int:  9    God:
Gold:   195        SH:  4    Dex: 14    Spells: 5/7 levels left

rFire   . . .      SeeInvis .    a - +0 long sword
rCold   . . .      Faith    .    (no shield)
rNeg    . . .      Spirit   .    l - +0 leather armour
rPois   .          Reflect  .    q - +2 hat
rElec   .          Harm     .    t - +0 cloak
rCorr   .          Rampage  .    (no gloves)
Will    .....                    y - +0 pair of boots
Stlth   +.........               (no amulet)
HPRegen 0.28/turn                (no ring)
MPRegen 0.11/turn                (no ring)

@: no status effects
A: claws 2, spiny 1, condensation shield, weakness stinger 1
a: no special abilities


You were on level 4 of the Dungeon.
You visited 1 branch of the dungeon, and saw 4 of its levels.
You also visited: Sewer.

You collected 195 gold pieces.

Inventory:

Hand Weapons
 a - a +0 long sword (weapon)
 f - a +0 sling
 n - a +2 whip of freezing
Armour
 b - a +0 scale mail
 c - a +0 buckler
 l - a +0 leather armour (worn)
 q - a +2 hat (worn)
 t - a +0 cloak (worn)
 y - a +0 pair of boots (worn)
 D - a +0 chain mail
Magical Staves
 g - a staff of conjuration
Scrolls
 h - 4 scrolls of teleportation {unknown}
 o - 4 scrolls of identify {unknown}
 p - 3 scrolls of enchant weapon {unknown}
 r - a scroll of magic mapping {unknown}
 u - a scroll of brand weapon {unknown}
 v - a scroll of vulnerability {unknown}
 x - a scroll of poison {unknown}
 B - a scroll of torment {unknown}
 C - 4 scrolls of butterflies {unknown}
 F - a scroll of noise {unknown}
Potions
 d - a potion of might
 e - 3 potions of cancellation {unknown}
 i - a potion of magic {unknown}
 j - a potion of degeneration {unknown}
 k - 2 potions of curing {unknown}
 m - 2 potions of flight {unknown}
 s - a potion of mutation {unknown}
 w - a potion of ambrosia {unknown}
 z - a potion of heal wounds {unknown}
 A - 3 potions of haste {unknown}
 E - a potion of attraction {unknown}


   Skills:
 + Level 3.9 Fighting
 + Level 4.1 Long Blades
 + Level 3.6 Armour
 + Level 1.7 Dodging
 + Level 3.5 Shields
 + Level 1.3 Spellcasting
 + Level 1.3 Translocations


You had 5 spell levels left.
You knew the following spells:

 Your Spells              Type           Power      Damage    Failure   Level
a - Blink                 Tloc           6%         N/A       36%         2

Your spell library contained the following spells:

 Spells                   Type           Power      Damage    Failure   Level
 Manifold Assault         Tloc           3%         N/A       94%         4
 Storm Form               Tmut/Air       0%         N/A       100%        7


Dungeon Overview and Level Annotations

Branches:
Dungeon (4/15)              Sewer (visited)
 Temple: D:4-7

Altars:
Cheibriados


Innate Abilities, Weirdness & Mutations

You have very sharp fingernails.
You are partially covered in sharp spines.
A meltable shield of frost defends you. (SH +4)
You have a small tail.


Message History

You hit the scorpion.
The scorpion is severely wounded.
You feel sick. The scorpion is struck by your spines. The scorpion stings you.
You are more poisoned.
The scorpion poisons you!
You hit the scorpion but do no damage.
The scorpion is almost dead.
You feel very sick. The scorpion barely misses you.
The scorpion stings you but does no damage.
You hit the scorpion.
You kill the scorpion!
You feel very sick.
Your Long Blades skill increases to level 4!
You start resting.
You feel sick. x7
An adder comes into view.
You feel sick.
You are no longer poisoned.
You start resting.
An adder is nearby!
The adder hisses angrily.
The adder is struck by your spines. The adder bites you but does no damage.
You block the adder's attack. The adder closely misses you.
You hit the adder.
Your tail-slap misses the adder.
The adder is heavily wounded.
The adder bites you but does no damage.
A centaur comes into view.
The adder is struck by your spines. The adder bites you.
The centaur shouts!
You slash the adder!
You kill the adder!
You hear a shout!
The centaur wields a +0 shortbow.
The centaur shoots an arrow.
The arrow hits you!
* * * LOW HITPOINT WARNING * * *
The centaur shoots an arrow.
The arrow hits you.
* * * LOW HITPOINT WARNING * * *
The centaur shoots an arrow.
The arrow hits you.
You die...

# ## #. #######
#######. #.....#
##.......
#.....#######..######
#................#...
#.....########.#.#.#.
#...@.# #.#.#.#.
###.### #.#.#.#.
#...# #.#.#†#.
#.....# #.#.#.#.
#......... ..#.#.#.
#.........## #.#...#.
#........... ######
#...c.....### ....
##........# ####


You could see a centaur.

Vanquished Creatures
  Pargi (Sewer)
  A black bear (D:4)
  A scorpion (D:4)
  A hound (D:4)
  An orc wizard (D:4)
  6 adders
  A river rat (D:3)
  4 worms
  A dart slug (D:1)
  3 orcs (D:4)
  5 bats
  7 endoplasms
  8 giant cockroaches
  4 hobgoblins
  9 jackals
  A quokka (D:1)
  11 ball pythons
  7 frilled lizards
  5 goblins
  7 kobolds
  4 rats
88 creatures vanquished.

Notes
Turn   | Place    | Note
-------+----------+-------------------------------------------
     0 | D:1      | McMuffin the Demonspawn Fighter began the quest for the
                  | Orb.
     0 | D:1      | Reached XP level 1. HP: 18/18 MP: 1/1
   223 | D:1      | Discovered your monstrous ancestry.
   223 | D:1      | Gained mutation: You have a small tail. [demonic ancestry]
   223 | D:1      | Reached XP level 2. HP: 24/24 MP: 2/2
   235 | D:1      | Reached skill level 2 in Long Blades
   550 | D:1      | Gained mutation: You have sharp fingernails. [demonic
                  | ancestry]
   550 | D:1      | Reached XP level 3. HP: 29/29 MP: 3/3
   616 | D:1      | Learned a level 2 spell: Blink
  1269 | D:2      | Gained mutation: You are partially covered in sharp spines.
                  | [demonic ancestry]
  1269 | D:2      | Reached XP level 4. HP: 32/35 MP: 4/4
  1580 | D:3      | Found a glowing drain.
  1646 | Sewer    | Entered a sewer
  1731 | Sewer    | Noticed Pargi
  1740 | Sewer    | Killed Pargi
  1741 | Sewer    | Reached skill level 3 in Long Blades
  1741 | Sewer    | Reached skill level 1 in Dodging
  1741 | Sewer    | Gained mutation: A meltable shield of frost defends you.
                  | (SH +4) [demonic ancestry]
  1741 | Sewer    | Reached XP level 5. HP: 30/42 MP: 4/6
  1895 | D:3      | Found Zuegg's Antique Weapon Boutique.
  2010 | D:3      | Reached skill level 1 in Spellcasting
  2138 | D:3      | Found a snail-covered altar of Cheibriados.
  2350 | D:4      | Noticed a black bear
  2460 | D:4      | Killed a black bear
  2461 | D:4      | Reached skill level 1 in Translocations
  2461 | D:4      | Gained mutation: You have very sharp fingernails. [demonic
                  | ancestry]
  2461 | D:4      | Reached XP level 6. HP: 33/48 MP: 5/7
  2715 | D:4      | Reached skill level 4 in Long Blades
  2743 | D:4      | HP: 1/48 [centaur/arrow (6)]
  2744 | D:4      | Shot with an arrow by a centaur

Illustrated notes

Levels and vault maps discovered:
D:1:      dpeg_arrival_rooms_a, layout_basic, minmay_pentomino_o2
D:2:      layout_loops_ring
D:3:      layout_rooms, mainiacjoe_overflow_cross_hatched, serial_shops, shop,
          cheibrodos_sewer_entry_sluice, palyth_stone_intersect
D:4:      layout_loops_ring, serial_shops, nicolae_inconvenience_store,
          roderic_lattice_a, minivault_27, corexii_shack, uniq_ijyb

Skill      XL: |  1  2  3  4  5  6 |
---------------+-------------------+-----
Long Blades    | 2 3 4 |  4.1
Armour         | 3 |  3.6
Shields        | 3 |  3.5
Dodging        | 1 |  1.7
Spellcasting   | 1 |  1.3
Translocations | 1 |  1.3
Fighting       | |  3.9

Action                   |  1- 3 |  4- 6 || total
-------------------------+-------+-------++-------
Melee: Long sword        |   102 |   112 ||   214
       Tailslap          |     8 |     9 ||    17
       Whip              |    13 |       ||    13
 Cast: Blink             |       |     5 ||     5
Armor: Scale mail        |    72 |     9 ||    81
       Leather armour    |    11 |    40 ||    51
Dodge: Dodged            |    68 |    56 ||   124
Block: Buckler           |    40 |    30 ||    70
       Other             |       |     7 ||     7

Table legend: (Time is in decaauts)
 A = Elapsed time spent in this place.
 B = Non-inter-level travel time spent in this place.
 C = Inter-level travel time spent in this place.
 D = Time resting spent in this place.
 E = Time spent auto-exploring this place.
 F = Levels seen in this place.
 G = Mean time per level.
                   A        B        C        D        E       F      G
               +--------+--------+--------+--------+--------+-----+--------+
         Total |   2844 |   2844 |      0 |     20 |      0 |   5 |  568.8 |
       Dungeon |   2683 |   2683 |      0 |     20 |      0 |   4 |  670.8 |
         Sewer |    160 |    160 |      0 |      0 |      0 |   1 |  160.0 |
               +--------+--------+--------+--------+--------+-----+--------+

Top non-repeatable levels by time:
     D:1: 1043 daAuts
     D:2: 576 daAuts
     D:3: 543 daAuts
     D:4: 520 daAuts
   Sewer: 160 daAuts
